 Dungeon Crawl Stone Soup version 0.13-b1-54-gfe00c74 (webtiles) character file.

6892 Malachi the Slicer (level 10, -1/67 HPs)
             Began as a Demonspawn Hunter on Oct 10, 2013.
             Was a Priest of Lugonu.
             Slain by a wyvern (15 damage)
             ... on Level 11 of the Dungeon.
             The game lasted 00:26:44 (10829 turns).

Malachi the Slicer (Demonspawn Hunter)             Turns: 10829, Time: 00:26:44

HP  -1/67        AC  8     Str 14      XL: 10   Next: 66%
MP  15/15        EV 11     Int 12      God: Lugonu [***...]
Gold 499         SH  0     Dex 16      Spells:  0 memorised,  9 levels left

Res.Fire  : + . .   See Invis. : .   u - +5 elf sabre (venom) (curse)
Res.Cold  : . . .   Warding    : .   h - +1 leather armour {rF+}
Life Prot.: . . .   Conserve   : .   (no shield)
Res.Poison: .       Res.Corr.  : .   (helmet restricted)
Res.Elec. : .       Clarity    : .   x - -1 cloak
Sust.Abil.: . .     Spirit.Shd : .   p - +0 pair of gauntlets
Res.Mut.  : .       Stasis     : .   (no boots)
Res.Rott. : .       Flight     : .   (no amulet)
Saprovore : . . .                    o - ring of sustenance
                                     w - +5,+4 ring of slaying

@: somewhat resistant to hostile enchantments, unstealthy
A: antennae 2, beak, talons 1, demonic guardian 1, spiny 2, AC +3
a: Depart the Abyss, Bend Space, Banish, Renounce Religion


You were on level 11 of the Dungeon.
You worshipped Lugonu.
Lugonu was most pleased with you.
You were not hungry.

You visited 2 branches of the dungeon, and saw 12 of its levels.
You also visited: Sewer.

You collected 479 gold pieces.

Inventory:

Hand weapons
 a - a +0,+0 short sword
 b - a +1,+1 bow
 m - a +1,+4 dagger (quivered)
 u - a cursed +5,+5 elven sabre of venom (weapon)
 N - a +2,+1 whip of electrocution
Missiles
 c - 62 arrows
 D - 7 arrows of dispersal
Armour
 d - a +0 leather armour
 h - a +1 leather armour of fire resistance (worn)
 l - a +0 chain mail
 p - a +0 pair of gauntlets (worn)
 x - a -1 cloak (worn)
Magical devices
 s - a wand of flame (15)
 y - a wand of confusion (14)
 z - a wand of slowing (8)
 C - a wand of slowing (12)
 H - a wand of slowing (10)
Comestibles
 f - 6 bread rations
 i - 3 meat rations
 k - an apple
 t - a lemon
 B - 14 grapes
 E - an apricot
 K - a pear
 M - a choko
Scrolls
 e - a scroll of magic mapping
 j - 7 scrolls of teleportation
 n - 3 scrolls of blinking
 v - 5 scrolls of identify
 F - 2 scrolls of amnesia
 G - a scroll of enchant weapon II
 J - a scroll of silence {unknown}
 L - 6 scrolls of remove curse
Jewellery
 o - a ring of sustenance (right hand)
 r - a cursed ring of flight
 w - a +5,+4 ring of slaying (left hand)
Potions
 g - a potion of speed
 q - 3 potions of curing
 A - 3 potions of restore abilities
Books
 I - a book of Battle

   Spells                             Type                      Level
   Infusion                           Charms                       1
   Shroud of Golubria                 Charms/Translocation         2
   Song of Slaying                    Charms                       2
   Spectral Weapon                    Hexes/Charms                 3
   Regeneration                       Charms/Necromancy            3
   Song of Shielding                  Charms                       4


   Skills:
 - Level 1.0 Fighting
 * Level 12.3 Short Blades
 - Level 7.5 Bows
 - Level 1.2 Armour
 - Level 2.1 Dodging
 - Level 1.0 Stealth
 * Level 4.1 Invocations
 - Level 2.0 Evocations


You had 9 spell levels left.
You didn't know any spells.

Dungeon Overview and Level Annotations

Branches:
Dungeon (11/27)            Temple (1/1) D:7             Orc (0/4) D:6
   Lair (0/8) D:11

Altars:
Cheibriados
Elyvilon
Fedhas
Kikubaaqudgha
Makhleb
Nemelex Xobeh
Okawaru
Sif Muna
Trog
Vehumet
Xom
Yredelemnul
Zin
the Shining One
Lugonu

Annotations:
D:10 woebin's ghost, experienced GrFi
D:11 exclusion: oklob plant


Innate Abilities, Weirdness & Mutations

You have a pair of antennae on your head.
You are mostly covered in thin metallic scales (AC +3).
A weak demonic guardian rushes to your aid.
You are mostly covered in sharp spines.
You have a beak for a mouth.
You have sharp toenails.


Message History

The hill giant hits you with a giant club!
* * * LOW HITPOINT WARNING * * *
You slash the hill giant!
The hill giant looks even sicker.
You claw the hill giant.
You kill the hill giant!
Lugonu accepts your kill.
Your Invocations skill increases to level 4!
The wyvern bites you.
* * * LOW HITPOINT WARNING * * *
Drink which item? (? for menu, Esc to quit)
You feel better.
The wyvern bites you but does no damage.
You hit the wyvern but do no damage.
The wyvern is poisoned.
Your iron imp misses the wyvern.
You puncture the wyvern!
The wyvern looks even sicker.
Your kick misses the wyvern.
The wyvern is heavily wounded.
Your iron imp disappears in a puff of smoke!
The wyvern bites you!
You die...

.........########....
................#....
.....................#
.....................#.
........[...............
.......................#
..!..................#..
.......D.....########.#..
.......)@....#........#..
.............#.....[....#
............#...........
............#.........#.
............#..........#
...........#...........
..........#########..#
.......... #... ###...
#...


You could see a wyvern.

Vanquished Creatures
  A hill giant (D:11)
  Pikel (D:8)
  3 yaks (D:9)
  Eustachio (D:6)
  A hungry ghost (D:7)
  A wyvern (D:7)
  A hippogriff (D:10)
  2 manticores
  2 crocodiles
  Menkaure (D:5)
  A slave (D:7)
  5 orc warriors
  A black bear (D:9)
  2 sky beasts
  2 ogres
  2 centaurs
  5 phantoms
  3 giant frogs
  A gnoll sergeant (D:8)
  A wyvern skeleton (D:10)
  A hippogriff zombie (D:6)
  A troll skeleton (D:11)
  5 killer bees (D:9)
  4 crimson imps
  3 jellies
  A centaur zombie (D:6)
  6 hounds
  A quasit (D:10)
  A goliath beetle (D:6)
  2 orc priests
  Crazy Yiuf (D:3)
  An iguana (D:5)
  A basilisk skeleton (D:10)
  3 scorpions
  13 orc wizards
  3 worker ants
  A big kobold zombie (D:10)
  Ijyb (D:3)
  2 mummies
  A worker ant zombie (D:11)
  9 gnolls
  8 adders
  2 green rats
  3 giant mites
  4 worms
  An adder skeleton (D:4)
  A grey rat (D:3)
  6 giant geckos
  50 orcs
  A ball python (Sewer)
  17 bats
  12 giant cockroaches
  12 goblins
  13 hobgoblins
  2 jackals (D:7)
  4 quokkas
  A giant gecko skeleton (D:8)
  6 giant newts
  A giant spore (D:9)
  12 kobolds
  A kobold skeleton (D:4)
  10 rats
  4 ballistomycetes (D:9)
269 creatures vanquished.

Vanquished Creatures (collateral kills)
  A wyvern (D:9)
  An ogre (D:5)
  Blork the orc (D:6)
  A hippogriff zombie (D:5)
  A gnoll shaman (D:4)
  An orc priest (D:4)
  2 gnolls (D:4)
  6 orcs
  An orc skeleton (D:6)
15 creatures vanquished.

Vanquished Creatures (others)
  A slave (D:8)
  13 crimson imps
  11 iron imps
  6 lemures
  5 white imps
  8 ufetubi
  A bat (D:8)
  A giant spore (D:9)
  A kobold (D:8)
47 creatures vanquished.

Grand Total: 331 creatures vanquished

Notes
Turn   | Place    | Note
--------------------------------------------------------------
     0 | D:1      | Malachi, the Demonspawn Hunter, began the quest for the Orb.
     0 | D:1      | Reached XP level 1. HP: 16/16 MP: 0/0
   451 | D:1      | Gained mutation: A weak demonic guardian rushes to your aid. [demonic ancestry]
   451 | D:1      | Reached XP level 2. HP: 13/22 MP: 1/1
   586 | D:1      | Reached skill level 4 in Bows
  1315 | D:1      | Reached skill level 1 in Armour
  1695 | D:2      | Gained mutation: You are partially covered in sharp spines. [demonic ancestry]
  1695 | D:2      | Reached XP level 3. HP: 27/27 MP: 2/2
  1776 | D:2      | Reached skill level 1 in Stealth
  2093 | D:3      | Noticed Ijyb
  2102 | D:3      | Killed Ijyb
  2102 | D:3      | Gained mutation: You are partially covered in thin metallic scales (AC +2). [demonic ancestry]
  2102 | D:3      | Reached XP level 4. HP: 28/33 MP: 3/3
  2207 | D:3      | Gained mutation: You have sharp toenails. [potion of mutation]
  2207 | D:3      | Gained mutation: You have a beak for a mouth. [potion of mutation]
  2273 | D:3      | Found a glowing drain.
  2298 | Sewer    | Entered a sewer
  2309 | Sewer    | Reached skill level 5 in Bows
  2462 | Sewer    | Reached XP level 5. HP: 29/38 MP: 4/4
  2536 | Sewer    | Noticed a giant frog
  2545 | Sewer    | Killed a giant frog
  2685 | D:3      | Reached skill level 6 in Bows
  2974 | D:3      | Noticed Crazy Yiuf
  2978 | D:3      | Paralysed by Crazy Yiuf for 3 turns
  2994 | D:3      | Killed Crazy Yiuf
  2994 | D:3      | Reached skill level 1 in Short Blades
  2994 | D:3      | Gained mutation: You have a pair of small antennae on your head. [demonic ancestry]
  2994 | D:3      | Reached XP level 6. HP: 6/44 MP: 5/5
  3600 | D:4      | Found a snail-covered altar of Cheibriados.
  3848 | D:4      | Gained mutation: You have a pair of antennae on your head. [demonic ancestry]
  3848 | D:4      | Reached XP level 7. HP: 25/49 MP: 6/6
  4070 | D:4      | Found a basalt altar of Yredelemnul.
  4188 | D:5      | Entered Level 5 of the Dungeon
  4261 | D:5      | Reached skill level 7 in Bows
  4267 | D:5      | Got a smoking animal skin
  4282 | D:5      | Identified the cursed -1 animal skin of the Peculiar Moons {Dam-3} (You found it on level 5 of the Dungeon)
  4343 | D:5      | Noticed Menkaure
  4354 | D:5      | Killed Menkaure
  4403 | D:5      | Reached skill level 1 in Evocations
  4737 | D:5      | Gained mutation: You are mostly covered in thin metallic scales (AC +3). [demonic ancestry]
  4737 | D:5      | Reached XP level 8. HP: 22/56 MP: 8/8
  5110 | D:6      | Reached skill level 5 in Short Blades
  5656 | D:6      | Noticed Blork the orc
  5664 | D:6      | Killed Blork the orc
  5688 | D:6      | Noticed Eustachio
  5701 | D:6      | Killed Eustachio
  5841 | D:6      | Found a staircase to the Orcish Mines.
  6333 | D:6      | Found a burning altar of Makhleb.
  6481 | D:7      | Reached XP level 9. HP: 59/61 MP: 10/10
  6493 | D:7      | Found a staircase to the Ecumenical Temple.
  6522 | D:7      | Reached skill level 8 in Short Blades
  6529 | Temple   | Entered the Ecumenical Temple
  6585 | Temple   | Became a worshipper of Lugonu the Unformed
  6585 | Temple   | Acquired Lugonu's first power
  6924 | D:7      | Found a blossoming altar of Fedhas.
  6924 | D:7      | Found a glowing golden altar of the Shining One.
  6972 | D:7      | Reached skill level 9 in Short Blades
  7029 | D:8      | Noticed Pikel
  7410 | D:8      | Acquired Lugonu's second power
  7551 | D:8      | Killed Pikel
  7551 | D:8      | Reached skill level 10 in Short Blades
  7551 | D:8      | Reached skill level 1 in Invocations
  7734 | D:8      | Found a sparkling altar of Nemelex Xobeh.
  7735 | D:8      | Found a white marble altar of Elyvilon.
  7736 | D:8      | Found an iron altar of Okawaru.
  8227 | D:9      | Gained mutation: You are mostly covered in sharp spines. [demonic ancestry]
  8227 | D:9      | Reached XP level 10. HP: 15/67 MP: 11/13
  8700 | D:9      | Reached skill level 11 in Short Blades
  8753 | D:9      | Acquired Lugonu's third power
  9117 | D:9      | Found a glowing silver altar of Zin.
  9396 | D:10     | Entered Level 10 of the Dungeon
  9508 | D:10     | Noticed woebin's ghost (experienced GrFi)
 10359 | D:10     | Reached skill level 12 in Short Blades
 10553 | D:11     | Noticed an oklob plant
 10747 | D:11     | Found a staircase to the Lair.
 10818 | D:11     | Noticed a hill giant
 10826 | D:11     | Killed a hill giant
 10829 | D:11     | Slain by a wyvern

Action                   |  1- 3 |  4- 6 |  7- 9 | 10-12 || total
-------------------------+-------+-------+-------+-------++-------
Melee: Short sword       |   123 |       |       |       ||   123
       Dagger            |       |   101 |       |       ||   101
       Sabre             |       |   125 |   429 |   161 ||   715
 Fire: Bow               |    33 |     6 |     6 |       ||    45
Evoke: Wand              |       |       |     6 |       ||     6
  Use: Potion            |       |     6 |     4 |     3 ||    13
       Scroll            |       |       |    23 |     5 ||    28
 Stab: Distracted        |       |       |     4 |     2 ||     6
       Sleeping          |       |       |     1 |       ||     1
       Fleeing           |       |       |       |     1 ||     1
